 Dungeon Crawl Stone Soup version 0.30.1-4-g462c640d31 (webtiles) character file.

Game seed: 4951869901279474706

1820 Janerl the Spear-Bearer (level 8, -4/71 HPs)
             Began as a Minotaur Berserker on Sept 9, 2023.
             Was an Elder of Trog.
             Slain by a gnoll sergeant
             ... wielding a +3 spear of venom
              (12 damage)
             ... on level 7 of the Dungeon.
             The game lasted 00:23:24 (5367 turns).

Janerl the Spear-Bearer (Minotaur Berserker)        Turns: 5367, Time: 00:23:26

Health: -4/71      AC: 11    Str: 22    XL:     8   Next: 85%
Magic:  7/7        EV: 11    Int:  4    God:    Trog [****..]
Gold:   286        SH:  0    Dex: 12    Spells: 7/7 levels left

rFire   . . .        a - +0 spear
rCold   + . .        (no shield)
rNeg    . . .        d - +1 scale mail {rC+}
rPois   .            (helmet restricted)
rElec   .            (no cloak)
rCorr   .            t - +0 pair of gloves
SInv    .            f - +0 pair of boots
Will    ++...        (no amulet) Stlth
                     (no ring)
HPRegen 1.31/turn    (no ring)
MPRegen 0.10/turn

%: no passive effects
@: lethally poisoned (-4 -> -4), strong-willed, on berserk cooldown,
regenerating, slowed, very slow
A: horns 2, retaliatory headbutt
a: Renounce Religion, Berserk, Trog's Hand, Brothers in Arms


You were on level 7 of the Dungeon.
You worshipped Trog.
Trog was greatly pleased with you.
You visited 1 branch of the dungeon, and saw 7 of its levels.

You collected 286 gold pieces.

Inventory:

Hand Weapons
 a - a +0 spear (weapon)
 g - a +0 sling
 A - a +2 flail of holy wrath
Missiles
 m - 8 poisoned darts (quivered)
 B - 5 boomerangs of dispersal
Armour
 d - a +1 scale mail of cold resistance (worn)
 f - a +0 pair of boots (worn)
 t - a +0 pair of gloves (worn)
Jewellery
 y - an amulet of reflection
Wands
 C - a wand of roots (30)
Scrolls
 b - a scroll of butterflies {unknown}
 e - a scroll of fog {unknown}
 l - 2 scrolls of poison
 o - 2 scrolls of identify {unknown}
 p - 2 scrolls of teleportation {unknown}
 s - 3 scrolls of blinking {unknown}
 v - 2 scrolls of enchant weapon {unknown}
 w - 3 scrolls of magic mapping {unknown}
 D - 3 scrolls of fear {unknown}
Potions
 c - 2 potions of haste
 i - a potion of lignification {unknown}
 j - a potion of brilliance {unknown}
 k - 3 potions of flight {unknown}
 n - 2 potions of resistance {unknown}
 q - a potion of might {unknown}
 r - 2 potions of ambrosia {unknown}
 u - a potion of heal wounds {unknown}
 x - a potion of berserk rage {unknown}
 z - a potion of mutation {unknown}


   Skills:
 + Level 6.8 Fighting
 + Level 9.0 Polearms
 + Level 2.0 Throwing
 + Level 7.8 Armour
 + Level 4.3 Dodging
 + Level 1.7 Stealth


You had 7 spell levels left.
You didn't know any spells.
Your spell library was empty.

Dungeon Overview and Level Annotations

Branches:
Dungeon (7/15)             Temple (0/1) D:6

Altars:
Dithmenos
Fedhas
The Shining One

Shops:
D:5 =(:


Innate Abilities, Weirdness & Mutations

You have a pair of horns on your head.
You reflexively headbutt those who attack you in melee.


Message History

The gnoll bouda barks out a call to the hunt!
The gnolls pick up the pace!
The gnoll hits you but does no damage.
You hear a shout!
Your skin crawls.
You feel strong-willed.
You feel extremely sick. The gnoll barely misses you.
The gnoll sergeant hits you with a +3 spear of venom.
* * * LOW HITPOINT WARNING * * *
You are lethally poisoned!
The gnoll sergeant closely misses you.
You fail to use your ability.
* * * LOW HITPOINT WARNING * * *
You feel extremely sick. The gnoll misses you. You furiously retaliate!
You headbutt the gnoll! The gnoll sergeant misses you.
Okay, then.
Reach: a) +0 spear
Press: ? - help, Dir - move target, f - gnoll sergeant
Aim: a gnoll sergeant, wielding a +3 spear of venom and wearing a +0 scale mail (covering ground quickly, about 27% to evade your +0 spear)
Okay, then.
You feel better.
The gnoll sergeant completely misses you.
You furiously retaliate!
You headbutt the gnoll sergeant.
A gnoll comes into view. It is wielding a +0 spear.
The gnoll sergeant hits you with a +3 spear of venom.
* * * LOW HITPOINT WARNING * * *
You are poisoned.
Reach: a) +0 spear
Press: ? - help, Dir - move target, f - gnoll sergeant
Aim: a gnoll sergeant, wielding a +3 spear of venom and wearing a +0 scale mail (lightly wounded, covering ground quickly, about 27% to evade your +0 spear)
Okay, then.
The gnoll bouda attacks as you move away!
The gnoll bouda misses you. You furiously retaliate!
You headbutt the gnoll bouda!
You feel very sick.
The gnoll shouts!
The gnoll sergeant hits you from afar with a +3 spear of venom!
You die...

...$ ..
.... .g#
... ...
###.### #g#
(....#gY#..
#...#gh.
#..gg#
#...# #.@.#
#<..#
###......
#######


You could see an ice beast, a gnoll sergeant (swift), a gnoll bouda, a hound and
4 gnolls.

Vanquished Creatures
  Eustachio (D:6)
  2 ice beasts (D:5)
  A black bear (D:6)
  An ogre (D:6)
  2 centaurs
  A phantom (D:4)
  3 scorpions
  5 killer bees
  4 jellies
  2 orc priests
  A gnoll bouda (D:6)
  2 hounds
  3 sleepcaps
  2 iguanas
  3 orc wizards
  5 adders
  4 gnolls
  4 shadow imps
  A white imp (D:6)
  2 worms
  6 dart slugs
  12 orcs
  5 ball pythons
  13 endoplasms
  4 giant cockroaches
  11 goblins
  4 hobgoblins
  3 quokkas
  8 bats
  A frilled lizard (D:1)
  8 kobolds
  5 rats
129 creatures vanquished.

Notes
Turn   | Place    | Note
-------+----------+-------------------------------------------
     0 | D:1      | Janerl the Minotaur Berserker began the quest for the Orb.
     0 | D:1      | Reached XP level 1. HP: 19/19 MP: 0/0
     0 | D:1      | Noticed a dwarf
     5 | D:1      | Noticed a demonspawn
     5 | D:1      | Noticed a merfolk
     7 | D:1      | Noticed a human
    10 | D:1      | Noticed a dwarf
    14 | D:1      | Noticed a vine stalker
    16 | D:1      | Noticed a merfolk zombie
    18 | D:1      | Noticed a gargoyle
    18 | D:1      | Noticed a tengu
   121 | D:1      | Reached XP level 2. HP: 26/27 MP: 1/1
   250 | D:1      | Reached skill level 4 in Polearms
   390 | D:1      | Found a faded altar of an unknown god.
   594 | D:2      | Reached ** piety under Trog
   624 | D:2      | Reached XP level 3. HP: 33/33 MP: 2/2
  1268 | D:3      | Reached XP level 4. HP: 41/41 MP: 3/3
  1787 | D:4      | Reached *** piety under Trog
  1839 | D:4      | Reached skill level 5 in Polearms
  1839 | D:4      | Reached skill level 1 in Stealth
  1883 | D:4      | Reached XP level 5. HP: 40/47 MP: 4/4
  1917 | D:4      | Found a blossoming altar of Fedhas.
  2123 | D:4      | Reached skill level 5 in Fighting
  2263 | D:4      | Identified the +0 pair of gloves of Compression {Str+3
                  | Int+4}
  2303 | D:4      | Noticed a phantom
  2310 | D:4      | Killed a phantom
  2311 | D:4      | Reached skill level 6 in Polearms
  2311 | D:4      | Reached XP level 6. HP: 54/56 MP: 5/5
  2500 | D:5      | Entered Level 5 of the Dungeon
  2566 | D:5      | Noticed an ice beast
  2585 | D:5      | Killed an ice beast
  2841 | D:5      | Reached skill level 7 in Polearms
  2841 | D:5      | Reached XP level 7. HP: 57/61 MP: 6/6
  2917 | D:5      | Reached skill level 5 in Armour
  3196 | D:5      | Found Sestrese's Weapon Boutique.
  3197 | D:5      | Found Jurooho's Jewellery Shop.
  3198 | D:5      | Found Daraonk's Book Emporium.
  3991 | D:6      | Reached skill level 8 in Polearms
  4063 | D:6      | Reached XP level 8. HP: 40/70 MP: 7/7
  4497 | D:6      | Found a staircase to the Ecumenical Temple.
  4618 | D:5      | Reached **** piety under Trog
  4619 | D:5      | Reached skill level 1 in Throwing
  4864 | D:6      | Noticed Eustachio
  4888 | D:6      | Killed Eustachio
  4989 | D:6      | Reached skill level 9 in Polearms
  5067 | D:6      | Found a glowing golden altar of the Shining One.
  5120 | D:6      | Found a shadowy altar of Dithmenos.
  5367 | D:7      | Slain by a gnoll sergeant

Illustrated notes

Levels and vault maps discovered:
D:1:      shiori_arrival_whats_in_store_for_you, layout_rooms,
          nicolae_ecumenical_lake_church, eino_curves_04
D:2:      layout_loops_ring
D:3:      layout_basic
D:4:      layout_loops_ring, mainiacjoe_overflow_tiny_flanked
D:5:      layout_basic, serial_rivers, chequers_serial_rivers_micro_d,
          chequers_serial_rivers_large_b, chequers_serial_rivers_large_a,
          chequers_serial_rivers_room_b, kennysheep_cross_bottleneck,
          nicolae_wooded_promenade
D:6:      layout_cave_pools, grunt_dithmenos_shadows,
          mainiacjoe_overflow_six_doors_small, minmay_temple_entry_stoned_glass,
          uniq_eustachio
D:7:      layout_rooms, serial_aquarium, aquarium_bridge_square
          [aquarium_subvault_bridge, aquarium_subvault_wall,
          aquarium_subvault_wall, aquarium_subvault_window],
          aquarium_window_corridor_2, aquarium_window_2, aquarium_window_2,
          aquarium_view_2b, aquarium_view_2e, aquarium_balcony_double_2,
          aquarium_pool_five, minmay_chambers_of_fives

Skill      XL: |  1  2  3  4  5  6  7  8 |
---------------+-------------------------+-----
Fighting       | 4 5 6 |  6.8
Polearms       | 4 5 6 7 8 9 |  9.0
Armour         | 3 4 6 7 |  7.8
Stealth        | 1 |  1.7
Dodging        | 3 4 |  4.3
Throwing       | 2 |  2.0

Action                     |  1- 3 |  4- 6 |  7- 9 || total
---------------------------+-------+-------+-------++-------
  Melee: Spear             |   103 |   133 |   176 ||   412
         Headbutt          |    20 |    17 |    50 ||    87
  Throw: Dart              |       |       |    18 ||    18
 Invoke: Berserk           |       |       |     2 ||     2
         Trog's Hand       |       |       |     1 ||     1
    Use: Scroll            |       |       |     1 ||     1
         Potion            |       |       |     5 ||     5
 Armour: Animal skin       |     1 |       |       ||     1
         Scale mail        |    56 |    62 |    92 ||   210
  Dodge: Dodged            |    50 |    54 |    94 ||   198
